Map: Dämmertürme

Players

llllllllllll

  • Race: Zerg Zerg
  • League: Grandmaster

Tom - Winner!

  • Race: Terran Terran
  • League: Grandmaster

VOD

Have the link to the VOD?

Description

Just for SALT ;-)

https://www.bonjwa.de/starcraft-ii/lotv/build-order/terran-vs-bomber-tvz-style-release-your-inner-macro

Time

  • Played on: Dec. 8, 2015, 12:57 p.m.
  • Length: 10:35
Show
View Real Time Build Order
Export as new Build Order

llllllllllll Zerg 

Build Orders: Pool First, Muta Ling Bane 

Get SALT Encoding   

  12  0:01  Drone  
  13  0:07  Drone  
  14  0:17  Overlord  
  14  0:25  Drone, Extractor  
  14  0:35  Drone  
  14  0:36  Drone  
  16  0:48  Spawning Pool  
  16  0:50  Drone  
  16  0:55  Drone  
  17  1:06  Overlord  
  17  1:16  Drone  
  18  1:35  Metabolic Boost  
  18  1:37  Zergling x2  
  19  1:41  Hatchery  
  19  1:43  Zergling x2  
  19  1:52  Queen  
  21  1:55  Zergling x2  
  22  2:10  Drone  
  22  2:13  Drone  
  24  2:23  Hatchery  
  23  2:31  Queen  
  25  2:38  Overlord  
  25  2:44  Drone  
  25  2:46  Drone  
  27  2:53  Drone  
  27  2:55  Drone  
  29  3:00  Drone x2  
  29  3:01  Drone  
  32  3:12  Queen  
  34  3:14  Drone  
  35  3:22  Overlord  
  35  3:23  Drone x2  
  37  3:31  Overlord  
  37  3:34  Drone  
  37  3:37  Drone x2  
  40  3:42  Drone  
  40  3:44  Drone x3  
  40  3:47  Drone  
  40  3:48  Drone  
  46  3:50  Drone  
  46  3:54  Drone  
  46  3:55  Drone x2  
  50  4:06  Extractor  
  50  4:09  Evolution Chamber, Roach Warren  
  47  4:10  Evolution Chamber  
  47  4:11  Overlord  
  46  4:20  Drone x6  
  46  4:22  Drone  
  46  4:23  Drone  
  54  4:25  Drone  
  54  4:26  Drone  
  56  4:31  Lair  
  56  4:36  Drone  
  56  4:37  Zerg Melee Weapons Level 1  
  57  4:40  Extractor  
  57  4:44  Baneling Nest  
  55  4:46  Drone x4  
  59  4:54  Zerg Ground Armor Level 1  
  58  5:04  Zergling x2  
  58  5:05  Overlord x4, Zergling x6  
  62  5:10  Overlord  
  62  5:18  Overlord  
  62  5:23  Extractor  
  62  5:24  Extractor  
  62  5:26  Drone x9  
  62  5:27  Drone  
  70  5:34  Spire  
  68  5:43  Zergling x4  
  68  5:45  Drone x7  
  77  5:51  Drone x2  
  77  5:52  Overlord, Extractor  
  78  6:13  Overlord  
  78  6:14  Overlord  
  78  6:15  Zergling x6  
  81  6:23  Baneling x4  
  81  6:24  Baneling  
  80  6:26  Queen  
  80  6:28  Overlord  
  80  6:29  Zergling x8  
  80  6:30  Hatchery, Zergling x4  
  80  6:31  Baneling x5  
  87  6:45  Mutalisk x8  
  103  6:47  Zergling x6  
  105  6:54  Mutalisk  
  107  7:02  Zerg Flyer Weapons Level 1  
  107  7:06  Zerg Melee Weapons Level 2  
  104  7:21  Zergling x14  
  111  7:27  Zerg Ground Armor Level 2  
  111  7:30  Baneling x5  
  111  7:31  Zergling x12  
  111  7:35  Extractor  
  116  7:37  Mutalisk  
  116  7:38  Zergling x4  
  116  7:40  Extractor  
  118  7:44  Centrifical Hooks  
  116  7:55  Drone x5  
  116  7:56  Drone x3  
  124  8:09  Mutalisk x3  
  124  8:11  Infestation Pit  
  128  8:25  Overlord x6  
  124  8:40  Overlord  
  124  8:41  Overlord  
  120  8:49  Zergling x2  
  120  8:50  Zergling x28  
  131  8:57  Drone x7, Queen  
  140  9:05  Mutalisk x2  
  140  9:06  Mutalisk  
  140  9:07  Mutalisk  
  148  9:13  Baneling x9  
  148  9:14  Baneling x2  
  148  9:15  Mutalisk x3  
  155  9:17  Drone x2  
  140  9:33  Baneling x10  
  140  9:34  Baneling x9  
  140  9:35  Baneling  
  140  9:36  Zergling x4  
  140  9:37  Zergling x18  
  126  9:57  Baneling x4  
Show
View Real Time Build Order
Export as new Build Order

Tom Terran - Winner!

Build Orders: MMM Bio 

Get SALT Encoding   

  12  0:01  SCV  
  13  0:13  SCV  
  14  0:17  Supply Depot  
  14  0:25  SCV  
  15  0:39  SCV, Barracks  
  16  0:51  SCV  
  17  1:03  SCV  
  18  1:13  Command Center  
  18  1:16  SCV  
  19  1:28  Marine, Orbital Command  
  20  1:36  Supply Depot  
  20  1:46  Marine  
  21  1:53  SCV  
  22  2:04  Marine  
  22  2:05  SCV  
  24  2:12  Command Center  
  24  2:18  SCV  
  25  2:24  Orbital Command  
  25  2:25  Marine  
  25  2:31  SCV  
  25  2:36  Barracks  
  26  2:43  SCV  
  27  2:44  Barracks  
  27  2:47  Marine  
  27  2:51  SCV  
  29  2:55  SCV, Refinery  
  29  2:56  Refinery  
  30  3:03  SCV  
  30  3:05  Marine  
  32  3:07  SCV  
  33  3:15  SCV  
  33  3:19  SCV  
  35  3:22  Marine  
  35  3:23  Marine  
  38  3:27  SCV  
  38  3:28  Orbital Command  
  38  3:31  SCV  
  38  3:32  Barracks Tech Lab  
  39  3:38  Refinery  
  39  3:39  SCV  
  39  3:40  Marine x2  
  42  3:43  SCV  
  43  3:51  Refinery, SCV, Stimpack, Marine  
  43  3:54  SCV  
  46  3:56  SCV  
  46  3:58  Marine x2  
  49  4:03  SCV  
  49  4:06  SCV  
  49  4:08  SCV  
  52  4:10  Factory  
  52  4:11  Supply Depot  
  52  4:15  SCV  
  52  4:16  Barracks Reactor  
  53  4:18  SCV  
  53  4:20  SCV  
  53  4:22  Barracks Reactor  
  55  4:25  Engineering Bay  
  55  4:27  SCV  
  55  4:28  Engineering Bay  
  57  4:32  SCV  
  57  4:33  Orbital Command  
  57  4:35  Marine  
  58  4:40  SCV  
  58  4:42  Barracks  
  58  4:44  SCV  
  60  4:45  Barracks  
  60  4:48  Supply Depot  
  60  4:54  Terran Infantry Weapons Level 1, Terran Infantry Armor Level 1  
  60  4:56  Starport  
  60  4:57  Factory Reactor  
  60  4:59  SCV  
  61  5:03  SCV x2  
  62  5:09  Marine x2  
  62  5:10  Marine x2  
  66  5:16  Marine  
  66  5:17  SCV  
  66  5:18  SCV x2  
  66  5:20  Supply Depot  
  70  5:21  Supply Depot  
  70  5:28  Marine x4  
  72  5:29  SCV  
  72  5:30  SCV x2, Barracks Reactor  
  76  5:37  Barracks Reactor  
  76  5:40  Factory Reactor  
  76  5:42  SCV x3, Medivac  
  81  5:44  Supply Depot x2  
  81  5:45  Medivac  
  83  5:50  Armory  
  83  5:54  SCV x3  
  83  5:55  Combat Shields  
  86  6:02  Barracks  
  86  6:03  Barracks  
  86  6:06  SCV  
  86  6:07  Supply Depot, Barracks  
  86  6:08  Supply Depot  
  87  6:12  Marine x5  
  87  6:13  Marine  
  87  6:14  Marine  
  94  6:21  Marauder, Marine  
  94  6:23  Hellion x2  
  94  6:24  Medivac  
  103  6:26  Medivac  
  103  6:30  Supply Depot x2  
  105  6:34  Marine x2  
  105  6:35  Marine x4  
  105  6:36  Marine  
  112  6:42  Marauder  
  112  6:45  Hellbat x2  
  118  6:58  Terran Infantry Weapons Level 2, Terran Infantry Armor Level 2  
  118  6:59  Marine x4  
  118  7:00  Barracks Reactor, Barracks Tech Lab, Marine  
  118  7:01  Barracks Tech Lab, Marine x2  
  123  7:02  Marine  
  123  7:03  Medivac  
  123  7:04  Marauder  
  123  7:05  Medivac  
  132  7:17  Marine x5  
  132  7:19  Marine  
  132  7:20  Marine  
  132  7:21  Marauder  
  141  7:27  Supply Depot  
  141  7:29  Marauder x2, Marine  
  146  7:30  Terran Vehicle Weapons Level 1  
  146  7:32  Supply Depot  
  146  7:35  Marine x3  
  146  7:36  Marine x3  
  146  7:37  Marine  
  151  7:42  Marauder  
  155  7:45  Marine x2  
  155  7:48  Marine  
  155  7:51  Marauder  
  152  7:52  Marine, Marauder  
  152  7:57  Marine  
  152  7:58  Marine  
  157  8:01  Marine x2  
  157  8:02  Medivac x2, Hellbat x2  
  157  8:03  Supply Depot, Marauder  
  169  8:06  Supply Depot  
  169  8:09  Marine x2  
  169  8:12  Marauder  
  173  8:20  Marauder  
  173  8:24  Marine  
  173  8:25  Marauder, Marine x2  
  173  8:26  Marine x2  
  180  8:27  Marine x2  
  180  8:28  Marine x3  
  180  8:31  Supply Depot  
  180  8:33  Marauder  
  186  8:41  Marauder  
  188  8:45  Command Center, Missile Turret  
  188  8:46  Missile Turret, Marauder  
  189  8:49  Marine x2  
  189  8:50  Marine  
  189  8:51  Marine  
  189  8:53  Marine x2  
  189  8:55  Marauder  
  190  8:59  Marine x3  
  190  9:02  Marauder  
  195  9:08  Marauder  
  197  9:13  Marine x3  
  197  9:14  Refinery  
  200  9:18  Refinery  
  200  9:20  Missile Turret  
  200  9:28  Marine  
  179  9:34  Marine  
  179  9:35  Marine x2  
  179  9:36  Marauder, Marine  
  179  9:37  Marine x2, Marauder x2  
  191  9:43  Marine x2  
  191  9:44  Marine  
  194  9:45  Marine  
  194  9:52  Marine x2  
  159  9:53  Marine  
  159  9:54  Marine  
  159  9:55  Marine  
  159  9:56  Marine  
  159  9:57  Marine, Widow Mine x2  
  159  9:58  Marauder, Marine  
  165  10:01  Marine x2  
  165  10:07  Marine x2  
  157  10:10  Marine x2  
  157  10:11  Marine  
  157  10:12  Marine  
  160  10:15  Marine x2  
Tags
 
Add a new tag
Caveats
  • Supply blocks, unpowered buildings, or Contaminate may cause inaccurate times.
  • Supply counts are checked every 10 seconds.